 Dungeon Crawl Stone Soup version 0.17-a0-1468-gbf503c2 (webtiles) character file.

116 matakusis the Cudgeler (level 4, -10/34 HPs)
             Began as a Demonspawn Gladiator on July 1, 2015.
             Mangled by an orc warrior
             ... wielding a +0 long sword
              (19 damage)
             ... on level 3 of the Dungeon.
             The game lasted 00:11:51 (2299 turns).

matakusis the Cudgeler (Demonspawn Gladiator)       Turns: 2299, Time: 00:11:51

Health: -10/34     AC:  6    Str: 17    XL:     4   Next: 70%
Magic:  4/4        EV: 13    Int:  9    God:
Gold:   87         SH:  0    Dex: 13    Spells: 0 memorised, 3 levels left

rFire  . . .     SeeInvis .     a - +0 flail
rCold  . . .     Clarity  .     b - +0 leather armour
rNeg   . . .     SustAt   .     (no shield)
rPois  .         Gourm    .     c - +0 helmet
rElec  .         Spirit   .     l - +0 cloak
rCorr  .         Warding  .     (no gloves)
rMut   .         Stasis   .     k - +0 pair of boots
MR     .....                    (no amulet)
Stlth  +.........               (no ring)
                                (no ring)

@: not resistant to hostile enchantments, very unstealthy
A: talons 1, spiny 1, rot immunity
a: no special abilities


You were on level 3 of the Dungeon.
You were hungry.

You visited 1 branch of the dungeon, and saw 3 of its levels.

You collected 87 gold pieces.

Inventory:

Hand weapons
 a - a +0 flail (weapon)
Missiles
 d - 3 throwing nets (quivered)
Armour
 b - a +0 leather armour (worn)
 c - a +0 helmet (worn)
 k - a +0 pair of boots (worn)
 l - a +0 cloak (worn)
Magical staves
 r - an uncursed staff of summoning {unknown}
Scrolls
 f - a scroll of enchant armour {unknown}
 g - a scroll of recharging {unknown}
 j - 4 scrolls of identify {unknown}
 m - a scroll of amnesia {unknown}
 p - a scroll of remove curse {unknown}
 u - a scroll of noise {unknown}
Potions
 i - a potion of might {unknown}
 n - a potion of ambrosia {unknown}
 o - a potion of magic {unknown}
 q - a potion of heal wounds {unknown}
Comestibles
 e - 2 bread rations
 s - a slice of pizza
 t - 7 chunks of flesh


   Skills:
 + Level 2.8 Fighting
 * Level 3.7 Maces & Flails
 - Level 1.7 Throwing
 + Level 0.8 Armour
 * Level 3.6 Dodging


You had 3 spell levels left.
You didn't know any spells.

Dungeon Overview and Level Annotations

Branches:
Dungeon (3/15)

Altars:


Innate Abilities, Weirdness & Mutations

You have sharp toenails.
You are partially covered in sharp spines.
You are immune to rotting.


Message History

The orc hits you from afar with a trident.
You see here 17 stones.
You see here a ball python skeleton.
You feel better.
You sock the orc warrior!
The orc warrior is heavily wounded.
The orc warrior misses you. The orc misses you.
You hit the orc warrior but do no damage.
The orc warrior is heavily wounded.
The orc warrior hits you with a long sword.
The orc hits you from afar with a trident.
The orc warrior hits you with a long sword!
The orc hits you from afar with a trident.
* * * LOW HITPOINT WARNING * * *
You closely miss the orc warrior.
The orc warrior is heavily wounded.
The orc hits you but does no damage.
The orc warrior hits you with a long sword!!
Ouch! That really hurt!
You die...

........#.# .........(# ..
..........# .. .......)..#
##.## ........#.## #...#
...##......# #...# ##
###.##รท# #...###.#
#....###.......#
###...##@.### ###
#.....#o##o...## #..
#########..#o....# #..
...........#.....# #..
.........#..#....##########..
.........#......#............
.........##.#...#........####
.........##.....#.####...# #
.........###..###.# +...# #


You could see an orc warrior and an orc.

Vanquished Creatures
  6 adders
  2 worms (D:2)
  3 orcs (D:3)
  5 bats
  9 goblins
  6 hobgoblins
  6 jackals
  3 kobolds
  A quokka (D:2)
  A ball python (D:3)
  3 giant cockroaches
  7 giant newts
  3 rats
  A plant (D:3)
56 creatures vanquished.

Vanquished Creatures (others)
  A bat (D:2)
  A giant newt (D:2)
  A rat (D:2)
3 creatures vanquished.

Grand Total: 59 creatures vanquished

Notes
Turn   | Place    | Note
--------------------------------------------------------------
     0 | D:1      | matakusis the Demonspawn Gladiator began the quest for the Orb.
     0 | D:1      | Reached XP level 1. HP: 16/16 MP: 1/1
    88 | D:1      | Reached skill level 3 in Dodging
   143 | D:1      | Gained mutation: You are immune to rotting. [demonic ancestry]
   143 | D:1      | Reached XP level 2. HP: 19/22 MP: 2/2
   655 | D:2      | Gained mutation: You have sharp toenails. [demonic ancestry]
   655 | D:2      | Reached XP level 3. HP: 14/27 MP: 3/3
  1271 | D:2      | Gained mutation: You are partially covered in sharp spines. [demonic ancestry]
  1271 | D:2      | Reached XP level 4. HP: 15/34 MP: 4/4
  2261 | D:3      | Noticed an orc warrior
  2299 | D:3      | Mangled by an orc warrior

Vault maps used:
D:1:      dpeg_arrival_connections, st_stairs_6
D:2:      first_bread, grunt_decor_arrowhead, lemuel_old_faithful
D:3:      corexii_shack_village

Action                   |  1- 3 |  4- 6 || total
-------------------------+-------+-------++-------
Melee: Flail             |   118 |    47 ||   165
  Use: Potion            |     1 |     2 ||     3
 Stab: Sleeping          |     1 |       ||     1
  Eat: Chunk             |     1 |     3 ||     4
